 Dungeon Crawl Stone Soup version 0.29.1-1-gd02db6906a (webtiles) character file.

Game seed: 1455760244200446784

18269 hawla the Stormcaller (level 13, 0/96 HPs)
             Began as a Meteoran Air Elementalist on Oct 16, 2022.
             Slain by Snorg (6 damage)
             ... on level 3 of the Lair of Beasts.
             The game lasted 00:32:50 (6722 turns).

hawla the Stormcaller (Meteoran Air Elementalist)   Turns: 6722, Time: 00:32:51

Health: 0/96       AC:  9    Str: 10    XL:     13   Next: 22%
Magic:  9/41       EV: 16    Int: 19    God:
Gold:   409        SH:  0    Dex: 20    Spells: 32/40 levels left

rFire   x . .      SeeInvis .   q - +10 dagger "Fubogg" {vorpal, rElec rF- rN+ MP+9}
rCold   . . .      Faith    .   (no shield)
rNeg    + . .      Spirit   .   a - +1 robe
rPois   .          Reflect  .   (helmet restricted)
rElec   +          Harm     .   l - +0 cloak
rCorr   .          Rampage  .   p - +0 pair of gloves
Will    +....                   (no boots)
Stlth   +.........              v - amulet of magic regeneration
HPRegen 0.26/turn               g - +4 ring of protection
MPRegen 0.67/turn               A - ring of flight

@: flying, glowing
A: sense surroundings 2, otherworldly, glowing, explore regen, claws 1, horns 1,
agile 1
a: no special abilities


You were on level 3 of the Lair of Beasts.
You visited 3 branches of the dungeon, and saw 12 of its levels.
You also visited: Ossuary and Bailey.

You collected 598 gold pieces.
You spent 189 gold pieces at shops.

Inventory:

Hand Weapons
 m - a +1 great sword
 q - the +10 dagger "Fubogg" (weapon) {vorpal, rElec rF- rN+ MP+9}
   (You bought it in a shop on level 3 of the Dungeon)

   It inflicts extra damage upon your enemies.
   rF:        It makes you vulnerable to fire.
   rElec:     It insulates you from electricity.
   rN:        It protects you from negative energy.
   MP:        It affects your magic capacity (+9).
 w - a +1 scimitar of flaming
Armour
 a - a +1 robe (worn)
 l - a +0 cloak (worn)
 p - a +0 pair of gloves (worn)
Jewellery
 g - a +4 ring of protection (left hand)
 v - an amulet of magic regeneration (around neck)
 x - a ring of ice
 A - a ring of flight (right hand)
Wands
 b - a wand of flame (31)
 c - a wand of polymorph (5)
 j - a wand of paralysis (4)
 n - a wand of acid (7)
 r - a wand of iceblast (18)
 u - a wand of digging (4)
Scrolls
 d - a scroll of magic mapping
 e - 2 scrolls of fog
 h - a scroll of enchant weapon
 t - a scroll of teleportation
 y - 5 scrolls of identify
Potions
 f - 2 potions of resistance
 i - a potion of ambrosia
 k - a potion of haste
 o - 3 potions of curing
 s - 4 potions of brilliance
Miscellaneous
 B - a phial of floods


   Skills:
 + Level 4.2 Fighting
 + Level 6.1(7.0) Short Blades
 + Level 5.6(7.2) Long Blades
 + Level 6.3 Dodging
 - Level 1.4 Stealth
 + Level 14.4 Spellcasting
 + Level 7.4 Conjurations
 + Level 0.8 Translocations
 + Level 15.3 Air Magic


You had 32 spell levels left.
You knew the following spells:

 Your Spells              Type           Power      Damage    Failure   Level
a - Shock                 Conj/Air       100%       1d9       1%          1
b - Static Discharge      Conj/Air       54%        3-10/arc  1%          2
c - Airstrike             Air            32%        2d(5-21)  1%          4
d - Apportation           Tloc           32%        N/A       3%          1

Your spell library contained the following spells:

 Spells                   Type           Power      Damage    Failure   Level
 Swiftness                Air            64%        N/A       1%          3
 Dazzling Flash           Conj/Hex       54%        N/A       3%          3
 Blink                    Tloc           32%        N/A       4%          2
 Iskenderun's Mystic Bla  Conj/Tloc      29%        2d7       9%          4
 Gell's Gravitas          Tloc           16%        N/A       10%         3
 Lesser Beckoning         Tloc           16%        N/A       10%         3
 Teleport Other           Tloc           16%        N/A       10%         3
 Manifold Assault         Tloc           16%        N/A       67%         5
 Alistair's Intoxication  Tmut/Pois      8%         N/A       78%         5
 Starburst                Conj/Fire      13%        6d6       85%         6


Dungeon Overview and Level Annotations

Branches:
Dungeon (8/15) Zot: 150    Temple (1/1) D:4 Zot: 447    Lair (3/5) D:8 Zot: 361
 Shoals (0/4) Lair:2        Snake (0/4) Lair:2      Ossuary (visited)
 Bailey (visited)

Altars:
Ashenzari
Dithmenos
Elyvilon
Gozag
Hepliaklqana
Kikubaaqudgha
Makhleb
Nemelex Xobeh
Okawaru
Qazlal
Ru
Uskayaw
Xom
Yredelemnul
Zin
The Shining One

Shops:
D:3 (   D:7 :

Annotations:
D:1 2 transporters
D:5 3 runed translucent doors, PorkyPig's ghost, novice DrCj
D:6 4 transporters
Lair:3 Snorg


Innate Abilities, Weirdness & Mutations

You passively map the area around you.
You are easily found by Zot.
You glow in the dark.
You regain HP and MP as you explore.
You have sharp fingernails.
You have a pair of small horns on your head.
You are agile. (Dex +4, Str/Int -1)


Message History

Snorg claws the human.
Snorg claws the human!
Casting: Airstrike (safe; 1% risk of failure)
Confirm with . or Enter, or press ? or * to list all spells.
Aiming: Airstrike (safe; 1% risk of failure)
Press: ? - help, Dir - move target, f/p - Snorg
Aim: Snorg (heavily wounded, empty space bonus: 4/8)
The air twists around and strikes Snorg!
Snorg is severely wounded.
The human barely misses Snorg.
Snorg goes berserk!
Unknown command.
Casting: Airstrike (safe; 1% risk of failure)
Confirm with . or Enter, or press ? or * to list all spells.
Aiming: Airstrike (safe; 1% risk of failure)
Press: ? - help, Dir - move target, f/p - Snorg
Aim: Snorg (severely wounded, berserk, empty space bonus: 4/8)
The air twists around and strikes Snorg!!
Snorg is almost dead.
Snorg bites the human!!
The human dies!
Casting: Airstrike (safe; 1% risk of failure)
Confirm with . or Enter, or press ? or * to list all spells.
Aiming: Airstrike (safe; 1% risk of failure)
Press: ? - help, Dir - move target, f/p - Snorg
Aim: Snorg (almost dead, berserk, empty space bonus: 5/8)
The air twists around and strikes Snorg!
Snorg is almost dead.
A human opens the door.
Snorg bites you!
* * * LOW HITPOINT WARNING * * *
Snorg claws you but does no damage. Snorg misses you.
Casting: Airstrike (safe; 1% risk of failure)
Confirm with . or Enter, or press ? or * to list all spells.
Aiming: Airstrike (safe; 1% risk of failure)
Press: ? - help, Dir - move target, f/p - Snorg
Aim: Snorg (almost dead, berserk, empty space bonus: 6/8)
The air twists around and strikes Snorg!
Snorg is almost dead.
Snorg bites you.
* * * LOW HITPOINT WARNING * * *
Snorg completely misses you. Snorg claws you.
You die...

#....##....##...+.....#*##.
##..###P...##.....#...P##..
#..####P.###...#####.####.
##...#.#..##....# ### ##.
#...............#### ####†.
##...............#.###.#.#.
#..........................
##.........................
#........@T...............
##.##.##p'.#...............
#..#####..###...........†..
##..####....##....####...†..
#...##.....##P....########..
###......†.###....#...... ..
#..#P....# #...##.....# ..
#.####...###...##.....> ..
#..* #.#..#......# .####.[


You could see Snorg (berserk) and a neutral human (wandering).

Vanquished Creatures
  Kirke (Lair:3)
  2 hydras
  Erica (Lair:1)
  An orc knight (Bailey)
  A black mamba (Lair:3)
  4 elephants
  A cane toad (Lair:3)
  7 komodo dragons
  A rime drake (Lair:2)
  A polar bear (Lair:3)
  Prince Ribbit (D:7)
  2 wyverns
  7 basilisks
  18 yaks
  2 nagas (Lair:2)
  4 water moccasins
  6 orc warriors (Bailey)
  An ice beast (D:7)
  2 black bears
  A centaur (D:8)
  9 bullfrogs
  2 necrophages
  A scorpion (D:7)
  4 wights (D:8)
  12 killer bees
  A howler monkey (D:4)
  A centaur zombie (Ossuary)
  3 hounds
  2 jellies (D:6)
  4 orc priests
  3 human zombies (Ossuary)
  5 iguanas
  Natasha (thrice) (D:2)
  6 orc wizards
  5 mummies (Ossuary)
  10 gnolls
  3 adders
  2 shadow imps
  2 white imps
  An ufetubus (D:6)
  2 worms
  5 dart slugs
  25 orcs
  4 bats
  5 endoplasms
  A giant cockroach (D:3)
  6 hobgoblins
  4 jackals (D:3)
  6 quokkas
  4 ball pythons
  A frilled lizard (D:1)
  8 goblins
  8 kobolds
  A kobold zombie (Ossuary)
  3 orc zombies (Ossuary)
  4 rats
230 creatures vanquished.

Vanquished Creatures (others)
  A human (Lair:3)
  35 fungi
  12 plants
48 creatures vanquished.

Grand Total: 278 creatures vanquished

Notes
Turn   | Place    | Note
-------+----------+-------------------------------------------
     0 | D:1      | hawla the Meteoran Air Elementalist began the quest for the
                  | Orb.
     0 | D:1      | Reached XP level 1. HP: 14/14 MP: 5/5
    60 | D:1      | Reached XP level 2. HP: 12/20 MP: 1/6
    68 | D:1      | Learned a level 2 spell: Static Discharge
    99 | D:1      | Reached skill level 4 in Air Magic
   262 | D:1      | Reached XP level 3. HP: 26/26 MP: 3/8
   280 | D:1      | Found a faded altar of an unknown god.
   988 | D:2      | Reached XP level 4. HP: 33/33 MP: 7/10
   988 | D:2      | Noticed Natasha
   990 | D:2      | Killed Natasha
  1094 | D:2      | Glimpsed the power of Zot.
  1103 | D:2      | Noticed Natasha
  1109 | D:2      | Killed Natasha
  1110 | D:2      | Reached XP level 5. HP: 9/38 MP: 3/11
  1158 | D:2      | Noticed Natasha
  1164 | D:2      | Killed Natasha
  1165 | D:2      | Reached skill level 5 in Air Magic
  1194 | D:3      | Reached XP level 6. HP: 31/45 MP: 4/13
  1199 | D:3      | Learned a level 4 spell: Airstrike
  1433 | D:3      | Found Oript's Antique Weapon Shoppe.
  1608 | D:3      | Found a sacrificial altar of Ru.
  1661 | D:3      | Glimpsed the power of Zot.
  1716 | D:4      | Gained mutation: You expend magic power (3 MP) to
                  | strengthen your wands. [potion of mutation]
  1716 | D:4      | Gained mutation: You are somewhat resistant to further
                  | mutation. [potion of mutation]
  1716 | D:4      | Gained mutation: Your muscles are strong. (Str +4, Int/Dex
                  | -1) [potion of mutation]
  1716 | D:4      | Gained mutation: You have sharp fingernails. [potion of
                  | mutation]
  1726 | D:4      | Found a staircase to the Ecumenical Temple.
  1768 | Temple   | Entered the Ecumenical Temple
  2084 | D:5      | Entered Level 5 of the Dungeon
  2182 | D:4      | Reached skill level 1 in Long Blades
  2185 | D:4      | Noticed a black bear
  2192 | D:4      | Killed a black bear
  2193 | D:4      | Reached skill level 1 in Fighting
  2193 | D:4      | Reached skill level 5 in Spellcasting
  2193 | D:4      | Reached skill level 6 in Air Magic
  2193 | D:4      | Reached XP level 7. HP: 36/52 MP: 11/15
  2306 | D:4      | Found a basalt altar of Yredelemnul.
  2356 | D:4      | Found an ancient bone altar of Kikubaaqudgha.
  2716 | D:5      | Found a runed translucent gate.
  2717 | D:5      | Found a runed translucent gate.
  2719 | D:5      | Found a runed translucent gate.
  2719 | D:5      | Noticed PorkyPig's ghost (novice DrCj)
  2913 | D:5      | Reached XP level 8. HP: 52/60 MP: 3/16
  2986 | D:3      | Glimpsed the power of Zot.
  3035 | D:5      | Glimpsed the power of Zot.
  3076 | D:6      | Found a transporter.
  3112 | D:6      | Found a transporter.
  3129 | D:6      | Noticed a deep elf knight
  3220 | D:6      | Found a transporter.
  3247 | D:6      | Noticed a kobold demonologist
  3255 | D:6      | Found a sand-covered staircase.
  3262 | Ossuary  | Entered an ossuary
  3427 | Ossuary  | Reached skill level 5 in Long Blades
  3646 | D:3      | Bought a fading dagger for 189 gold pieces
  3646 | D:3      | Identified the +10 dagger "Fubogg" {vorpal, rElec rF- rN+
                  | MP+9} (You bought it in a shop on level 3 of the Dungeon)
  3750 | D:6      | Identified the +9 trident of Plunder {antimagic, Fly rC+
                  | Str-5 Stlth+}
  3750 | D:6      | Noticed a wraith
  3753 | D:6      | Found a burning altar of Makhleb.
  3764 | D:6      | Found a transporter.
  3818 | D:6      | Noticed a kobold demonologist
  3845 | D:6      | Found a shadowy altar of Dithmenos.
  3849 | D:6      | Glimpsed the power of Zot.
  3911 | D:7      | Gained mutation: You passively map the area around you.
                  | [Meteoran growth]
  3911 | D:7      | Reached XP level 9. HP: 54/68 MP: 19/19
  3944 | D:7      | Found Oshu Zic's Book Boutique.
  3946 | D:7      | Noticed Prince Ribbit
  3952 | D:7      | Reached skill level 7 in Air Magic
  3961 | D:7      | Killed Prince Ribbit
  3962 | D:7      | Reached skill level 5 in Conjurations
  3992 | D:7      | Lost mutation: You are somewhat resistant to further
                  | mutation. [potion of mutation]
  3992 | D:7      | Lost mutation: You expend magic power (3 MP) to strengthen
                  | your wands. [potion of mutation]
  3992 | D:7      | Lost mutation: Your muscles are strong. (Str +4, Int/Dex
                  | -1) [potion of mutation]
  3992 | D:7      | Gained mutation: You are agile. (Dex +4, Str/Int -1)
                  | [potion of mutation]
  3992 | D:7      | Gained mutation: You are frail. (-10% HP) [potion of
                  | mutation]
  3992 | D:7      | Gained mutation: You have a pair of small horns on your
                  | head. [potion of mutation]
  3992 | D:7      | Lost mutation: You are frail. (-10% HP) [potion of
                  | mutation]
  4150 | D:7      | Found a flagged portal.
  4161 | Bailey   | Entered a bailey
  4180 | Bailey   | Reached skill level 8 in Air Magic
  4264 | Bailey   | Reached XP level 10. HP: 62/77 MP: 22/23
  4286 | Bailey   | Noticed an orc knight
  4293 | Bailey   | Killed an orc knight
  4294 | Bailey   | Reached skill level 9 in Air Magic
  4297 | Bailey   | Identified the +6 triple crossbow "Salenetz" {freeze, rPois
                  | rC- Str-4 Dex+5}
  4299 | Bailey   | Identified the +3 arbalest of Prudence {vorpal, Fragile rC-
                  | Int+8}
  4389 | Bailey   | Reached skill level 5 in Dodging
  4649 | D:7      | Found a white marble altar of Elyvilon.
  4722 | D:7      | Glimpsed the power of Zot.
  4731 | D:8      | Noticed an elephant
  4740 | D:7      | Reached skill level 5 in Short Blades
  4740 | D:7      | Reached skill level 12 in Air Magic
  4740 | D:7      | Reached XP level 11. HP: 82/82 MP: 27/27
  4760 | D:8      | Killed an elephant
  4771 | D:8      | Reached skill level 13 in Air Magic
  4775 | D:8      | Found a staircase to the Lair.
  5247 | D:8      | Reached XP level 12. HP: 48/91 MP: 4/29
  5276 | Lair:1   | Entered Level 1 of the Lair of Beasts
  5540 | Lair:1   | Learned a level 1 spell: Apportation
  5721 | Lair:1   | Noticed Erica
  5726 | Lair:1   | Killed Erica
  5727 | Lair:1   | Reached skill level 14 in Air Magic
  5780 | Lair:1   | Glimpsed the power of Zot.
  5784 | Lair:1   | You fall into a shaft and drop 1 floor!
  5795 | Lair:2   | Found a staircase to the Snake Pit.
  6090 | Lair:2   | Noticed a four-headed hydra
  6102 | Lair:2   | Killed a one-headed hydra
  6381 | Lair:2   | Glimpsed the power of Zot.
  6495 | Lair:3   | Reached XP level 13. HP: 76/96 MP: 31/31
  6570 | Lair:3   | Reached skill level 15 in Air Magic
  6655 | Lair:3   | Noticed Kirke
  6662 | Lair:3   | Killed Kirke
  6692 | Lair:3   | Noticed an eight-headed hydra
  6694 | Lair:3   | Noticed Snorg
  6700 | Lair:3   | Killed a seven-headed hydra
  6722 | Lair:3   | Slain by Snorg

Illustrated notes

Levels and vault maps discovered:
D:1:      spicycebolla_arrival_transporter_tutorial, layout_basic,
          hellmonk_ecumenical_altar_heavens_door
D:2:      layout_loops_ring, hex_tiny, minmay_3d_cube, uniq_natasha
D:3:      layout_basic, nicolae_ru_the_path_less_chosen, serial_shops,
          nicolae_shop_trees, dreamdust_mushroom_princess
D:4:      layout_cave_pools, mainiacjoe_overflow_alcove_4,
          kennysheep_little_box, minmay_temple_entry_glass,
          roderic_serpentine_path
D:5:      layout_loops_ring, pdpol_wu_jian_five_deadly_venoms,
          marbit_many_paths, gammafunk_ghost_split, nrook_loot_triangle
D:6:      gammafunk_wand_slinger, layout_rooms,
          nzn_overflow_gifts_of_might_and_magic, mainiacjoe_overflow_brackets,
          gammafunk_temple_overflow_arena, enter_ossuary_2
D:7:      layout_basic, nicolae_elyvilon_peaceful_grove, enter_bailey_7,
          serial_shops, nicolae_shop_window_shopping, uniq_prince_ribbit1
D:8:      argonaut_augean_stables, layout_basic, fedhas_altar_4,
          david_lair_generic
Temple:   hellmonk_temple_flake
Lair:1:   layout_small_grid, uniq_erica
Lair:2:   beast_lair_carwin_large_2, layout_layer_cave, minmay_shoals_entry_hut,
          guppyfry_snake_entry_garden
Lair:3:   layout_regular_city, uniq_snorg, uniq_kirke

Skill      XL: |  1  2  3  4  5  6  7  8  9 10 11 12 13 |
---------------+----------------------------------------+-----
Spellcasting   | 3 4 5 6 8 11 12 13 14 | 14.4
Air Magic      | 4 5 6 8 12 13 14 15 | 15.3
Conjurations   | 2 3 4 5 6 7 |  7.4
Long Blades    | 1 3 5 |  5.6
Dodging        | 3 4 5 6 |  6.3
Fighting       | 1 2 3 4 |  4.2
Short Blades   | 5 6 |  6.1
Stealth        | |  1.4
Translocations | |  0.8

Action                   |  1- 3 |  4- 6 |  7- 9 | 10-12 | 13-15 || total
-------------------------+-------+-------+-------+-------+-------++-------
Melee: Unarmed           |     4 |       |       |       |       ||     4
       Great sword       |     9 |    59 |    67 |       |       ||   135
       Dagger            |       |       |     2 |    43 |     6 ||    51
       Headbutt          |       |       |       |    10 |     2 ||    12
       Scimitar          |       |       |       |     6 |     1 ||     7
       Punch             |       |       |       |     1 |       ||     1
 Cast: Shock             |    51 |    34 |    33 |    11 |     2 ||   131
       Static Discharge  |     8 |    19 |    67 |    89 |     6 ||   189
       Airstrike         |       |     3 |    22 |    46 |    21 ||    92
       Apportation       |       |       |       |     4 |       ||     4
  Use: Scroll            |     4 |     4 |     9 |     3 |     2 ||    22
       Potion            |       |     3 |     6 |     3 |     1 ||    13
Armor: Robe              |    14 |    24 |    82 |    45 |     6 ||   171
       Skin              |       |       |    12 |       |       ||    12
Dodge: Dodged            |    17 |    33 |   103 |    88 |    10 ||   251
